 Dungeon Crawl Stone Soup version 0.25.1-9-gc5326a611f (webtiles) character file.

Game seed: 6421605649568338251

102827 tsbored the Severer (level 16, -2/152 HPs)
             Began as a Hill Orc Gladiator on Dec 25, 2020.
             Was the Champion of Beogh.
             Slain by Bogwald the orc warlord
             ... wielding the +9 rapier of the Lurker {antimagic, Stlth+}
              (31 damage)
             ... on level 3 of the Spider Nest on Dec 30, 2020.
             The game lasted 01:21:26 (27453 turns).

tsbored the Severer (Hill Orc Gladiator)           Turns: 27453, Time: 01:21:26

Health: -2/152     AC: 35    Str: 24      XL:     16   Next: 34%
Magic:  15/25      EV: 14    Int:  8      God:    Beogh [******]
Gold:   1601       SH:  5    Dex: 19 (21) Spells: 15/15 levels left

rFire    + . .     SeeInvis .   K - +3 spear
rCold    . . .     Gourm    .   (no shield)
rNeg     . . .     Faith    .   s - +8 plate armour {rF+}
rPois    +         Spirit   .   x - +2 hat {MR+}
rElec    .         Reflect  +   b - +1 cloak
rCorr    .         Harm     .   C - +2 pair of gloves {Dex+3}
MR       ++...                  R - +0 pair of boots
Stlth    ..........             k - amulet of reflection
HPRegen  0.35/turn              V - +6 ring of dexterity
MPRegen  0.19/turn              p - ring of poison resistance

@: no status effects
A: walk on water
a: Smiting, Recall Orcish Followers, Give Item to Named Follower, Resurrection,
Renounce Religion


You were on level 3 of the Spider Nest.
You worshipped Beogh.
Beogh was exalted by your worship.
You were hungry.

You visited 4 branches of the dungeon, and saw 25 of its levels.

You collected 1731 gold pieces.
You spent 130 gold pieces at shops.

Inventory:

Hand Weapons
 l - a +1 battleaxe
 K - a +3 spear (weapon)
Missiles
 c - 2 atropa-tipped darts
 d - 3 throwing nets (quivered)
Armour
 b - a +1 cloak (worn)
 s - a +8 plate armour of fire resistance (worn)
 w - a +2 helmet
 x - a +2 hat of magic resistance (worn)
 C - a +2 pair of gloves of dexterity (worn)
 R - a +0 pair of boots (worn)
Jewellery
 g - an uncursed ring of fire
 i - an uncursed ring of resist corrosion
 k - an amulet of reflection (around neck)
 p - a ring of poison resistance (right hand)
 r - an uncursed ring of ice
 t - a +6 ring of dexterity
 u - an uncursed ring of wizardry
 A - an uncursed ring of magical power {unknown}
 F - an uncursed ring of protection from fire
 L - an uncursed ring of protection from fire
 V - a +6 ring of dexterity (left hand)
 X - an uncursed amulet of guardian spirit
Wands
 q - a wand of flame (10)
 y - a wand of iceblast (43)
 E - a wand of clouds (4)
 H - a wand of paralysis (10)
 I - a wand of enslavement (7)
 P - a wand of disintegration (48)
 S - a wand of random effects (25)
 T - a wand of digging (9)
 U - a wand of polymorph (4)
 W - a wand of acid (4)
Scrolls
 a - 4 scrolls of identify
 e - 4 scrolls of magic mapping
 h - 5 scrolls of blinking
 j - 12 scrolls of teleportation
 v - 4 scrolls of fog
 z - a scroll of amnesia
 B - 7 scrolls of remove curse
 D - 2 scrolls of enchant weapon {unknown}
 J - 8 scrolls of fear
 O - a scroll of silence
Potions
 m - 3 potions of cancellation
 n - 3 potions of might
 o - 8 potions of curing
 G - 2 potions of resistance
 M - 3 potions of berserk rage
 N - 2 potions of magic
 Q - a potion of stabbing {unknown}
 Y - 2 potions of haste
Comestibles
 f - 49 rations


   Skills:
 * Level 16.7 Fighting
 * Level 18.1 Axes
 - Level 1.7 Throwing
 * Level 15.3 Armour
 + Level 9.1 Dodging
 + Level 12.8 Invocations


You had 15 spell levels left.
You didn't know any spells.
Your spell library contained the following spells:

 Spells                   Type           Power        Failure   Level  Hunger
 Animate Skeleton         Necr           N/A          98%         1    ##.....
 Apportation              Tloc           #.....       98%         1    ##.....
 Beastly Appendage        Tmut           #.....       98%         1    ##.....
 Corona                   Hex            #......      98%         1    ##.....
 Pain                     Necr           #...         98%         1    ##.....
 Sandblast                Erth           #.....       98%         1    ##.....
 Summon Butterflies       Summ           #.......     98%         1    ##.....
 Summon Small Mammal      Summ           #...         98%         1    ##.....
 Passwall                 Tmut/Erth      #.......     99%         2    ###....
 Poisonous Vapours        Pois/Air       #.....       99%         2    ###....
 Sticks to Snakes         Tmut           #.......     99%         2    ###....
 Swiftness                Chrm/Air       #.......     99%         2    ###....
 Call Canine Familiar     Summ           #.......     100%        3    ####...
 Conjure Flame            Conj/Fire      #.......     100%        3    ####...
 Mephitic Cloud           Conj/Pois/Air  #.......     100%        3    ####...
 Spider Form              Tmut/Pois      #.........   100%        3    ####...
 Stone Arrow              Conj/Erth      #.....       100%        3    ####...
 Vampiric Draining        Necr           #.........   100%        3    ####...
 Animate Dead             Necr           N/A          100%        4    #####..
 Ice Form                 Ice/Tmut       #.......     100%        4    #####..
 Passage of Golubria      Tloc           N/A          100%        4    #####..
 Petrify                  Tmut/Erth      #.......     100%        4    #####..
 Summon Ice Beast         Ice/Summ       #.......     100%        4    #####..
 Agony                    Necr           #.......     100%        5    ######.
 Blade Hands              Tmut           #.........   100%        5    ######.
 Lee's Rapid Deconstruct  Erth           #.........   100%        5    ######.
 Summon Mana Viper        Hex/Summ       #.......     100%        5    ######.
 Darkness                 Hex            #.........   100%        6    #######
 Freezing Cloud           Conj/Ice/Air   #.........   100%        6    #######
 Invisibility             Hex            #.......     100%        6    #######
 Ring of Flames           Chrm/Fire      #.........   100%        7    #######
 Summon Hydra             Summ           #.........   100%        7    #######


Dungeon Overview and Level Annotations

Branches:
Dungeon (15/15)            Temple (1/1) D:6            Lair (6/6) D:9
 Shoals (0/4) Lair:3       Spider (3/4) Lair:2        Slime (0/5) Lair:5
    Orc (0/2) D:10         Vaults (0/5) D:14         Depths (0/5) D:15

Altars:
Ashenzari
Cheibriados
Dithmenos
Elyvilon
Fedhas
Gozag
Hepliaklqana
Kikubaaqudgha
Makhleb
Nemelex Xobeh
Okawaru
Qazlal
Ru
Sif Muna
Trog
Uskayaw
Vehumet
Wu Jian
Xom
Yredelemnul
Zin
The Shining One
Beogh
Jiyva

Shops:
D:6 *   D:8 ?   D:10 [


Message History

Press: ? - help, Dir - move target cursor, f/p - orb spider
Aim: an orb spider (almost dead, fully charged)
You could not reach far enough!
Bogwald barely misses your orc knight.
Attack whom?
Press: ? - help, Dir - move target cursor, f/p - orb spider
Aim: an orb spider (almost dead, fully charged)
You could not reach far enough!
Learuk roars a battlecry!
Your orc knight goes into a battle-frenzy!
Your orc knight hits the orb spider with a +0 dagger!
The orb spider dies!
Beogh accepts your kill.
Beogh blesses Wulfoc with healing.
Attack whom?
Press: ? - help, Dir - move target cursor, f - you
Okay, then.
Bogwald barely misses Wulfoc.
Bogwald hits itself with the +9 rapier of the Lurker {antimagic, Stlth+}!!
Bogwald hits you with the +9 rapier of the Lurker {antimagic, Stlth+}!!
You die...
Beogh appreciates Bogwald's killing of a heretic priest.

#### ...# ###)..
# ##..)# ###
#..†# ..####
#..#########
o....#
##oo.........
##...#
##oo@#########
#o.## #.o###
##o.# ##..#
#^o### #..##
#....# ##..#
##^..# #..##
.#..##### ###^†#
.#..o.#.###....#
###..o...#....##


You could see the friendly Bogwald the orc warlord (strong, confused), the
friendly Learuk the orc warlord (strong, very poisoned), the friendly Arbeogh
the orc knight (strong), the friendly Marbork the orc knight (strong) and the
friendly Wulfoc the orc knight (strong).

Vanquished Creatures
  2 ghost moths
  An entropy weaver (Spider:1)
  Fannar (D:12)
  An ogre mage (D:15)
  2 vault guards (D:14)
  A hydra (Lair:6)
  A centaur warrior (D:15)
  A death knight (D:15)
  Erica (D:9)
  8 two-headed ogres
  2 death yaks (Lair:4)
  A tengu warrior (D:14)
  A skeletal warrior (D:15)
  2 wizards (D:15)
  2 unseen horrors
  A flayed ghost (D:15)
  Pikel (D:8)
  A wolf spider zombie (D:14)
  5 orb spiders
  6 wolf spiders
  10 ugly things
  2 oklob plants
  3 manticores
  A torpor snail (Spider:1)
  A rime drake (Lair:2)
  2 spiny frogs
  A spiny frog (shapeshifter) (D:13)
  2 kobold demonologists
  6 demonic crawlers
  2 efreet (D:15)
  A freezing wraith (D:15)
  2 komodo dragons
  4 jumping spiders
  A queen bee (Lair:2)
  5 hornets
  2 polar bears (Lair:6)
  2 blink frogs
  Grinder (D:4)
  A meliai zombie (D:13)
  A dream sheep (Lair:6)
  3 hippogriffs
  A shadow (D:15)
  20 yaks
  17 redbacks
  2 wraiths
  6 spriggans (Lair:6)
  A basilisk (Lair:1)
  4 wyverns
  11 tarantellas
  3 hogs (D:8)
  2 hungry ghosts
  2 soldier ants
  12 water moccasins
  4 porcupines
  7 orc warriors
  2 black bears (Lair:6)
  3 phantoms
  4 sky beasts
  A necrophage (D:10)
  An eye of draining (D:12)
  4 ice beasts
  2 slaves (D:8)
  10 ogres
  15 wolves
  2 boggarts (Lair:6)
  11 centaurs
  5 crocodiles
  2 big kobolds
  12 bullfrogs
  A wyvern skeleton (D:7)
  7 scorpions
  18 killer bees (Lair:2)
  A vampire bat (D:4)
  An electric eel (Spider:1)
  3 crimson imps
  A howler monkey (D:7)
  2 bullfrog zombies
  A quasit (D:12)
  7 hounds
  3 jellies
  6 orc wizards
  An orc priest (D:4)
  4 bullfrog skeletons
  2 centaur skeletons
  2 hell rats (Lair:2)
  2 iguanas
  Natasha (D:2)
  10 worker ants
  A killer bee zombie (D:7)
  A hound skeleton (D:10)
  2 worker ant zombies
  A howler monkey zombie (D:8)
  12 adders
  A howler monkey skeleton (D:4)
  5 river rats (Lair:2)
  4 shadow imps
  2 oozes
  An adder skeleton (D:6)
  2 worms
  2 dart slugs (D:3)
  17 leopard geckos
  15 orcs
  5 giant cockroaches
  10 goblins
  12 hobgoblins
  10 jackals
  17 kobolds
  10 quokkas
  3 ball pythons
  16 bats
  A frilled lizard (D:2)
  A jackal skeleton (D:4)
  A leopard gecko skeleton (D:4)
  15 rats
  A bush (D:4)
  A fungus (Lair:2)
502 creatures vanquished.

Vanquished Creatures (collateral kills)
  Gastronok (Lair:3)
  3 emperor scorpions
  2 entropy weavers (Spider:1)
  The ghost of 0gre the Frost Mage, a journeyman GnIE of Vehumet (Lair:3)
  A slime creature (D:13)
  6 vault guards (D:14)
  3 centaur warriors
  6 hydras
  A queen ant (Spider:1)
  2 two-headed ogres (D:15)
  A tengu warrior (D:13)
  5 death yaks
  4 skeletal warriors (D:15)
  An unseen horror (D:14)
  A deep elf mage (D:12)
  A necromancer (D:15)
  An orc knight (D:15)
  5 orb spiders
  5 ugly things
  A phantasmal warrior (D:15)
  An oklob plant (Lair:3)
  2 cyclopes
  A frost giant zombie (D:15)
  13 wolf spiders
  3 manticores
  A spriggan zombie (D:15)
  3 black mambas
  A torpor snail (Lair:6)
  Maurice (D:8)
  A kobold demonologist (D:15)
  A gargoyle (D:14)
  13 spiny frogs
  Maggie (D:10)
  2 komodo dragons
  A demonic crawler (Spider:1)
  A guardian mummy (D:15)
  4 polar bears
  3 trolls
  9 jumping spiders
  3 meliai (Spider:3)
  4 hornets
  A deep troll zombie (D:15)
  Prince Ribbit (Lair:2)
  A dream sheep (Lair:6)
  7 blink frogs
  3 hippogriffs
  A centaur simulacrum (D:14)
  3 wraiths (D:15)
  2 meliai zombies
  A vampire (D:15)
  17 redbacks
  A deep troll skeleton (D:15)
  A wyvern (D:13)
  32 yaks
  2 basilisks
  9 spriggans (Lair:6)
  11 tarantellas
  A human (D:8)
  A hog (D:8)
  2 vampire mosquitoes (D:12)
  3 water moccasins
  An acid dragon (D:12)
  4 soldier ants (Spider:1)
  2 orc warriors
  A porcupine (Lair:3)
  4 sky beasts
  2 black bears
  A phantom (D:14)
  7 wolves
  A boggart (Lair:6)
  5 centaurs
  5 crocodiles
  A big kobold (D:10)
  7 bullfrogs
  A wyvern zombie (D:14)
  A scorpion (D:13)
  A killer bee (Lair:2)
  An electric eel (Lair:3)
  2 crimson imps
  A bullfrog zombie (D:8)
  A bullfrog skeleton (D:13)
  3 hounds
  2 jellies
  2 orc priests
  3 orc wizards
  2 iguanas
  2 worker ants (Spider:1)
  2 adders
  A river rat (Lair:2)
  2 leopard geckos
  7 orcs
  A quokka (D:9)
  3 kobolds (D:10)
  17 fungi
  13 plants
329 creatures vanquished.

Vanquished Creatures (others)
  An orc knight (D:14)
  An orc high priest (Spider:1)
  4 orc priests
  An orc sorcerer (Lair:4)
  A gargoyle (D:13)
  A hippogriff (shapeshifter) (Lair:3)
  2 orc warriors
  5 orc wizards
  21 orcs
  A rat (D:3)
  A fungus (Lair:6)
  2 plants
  2 withered plants (D:15)
43 creatures vanquished.

Grand Total: 874 creatures vanquished

Notes
Turn   | Place    | Note
-------+----------+-------------------------------------------
     0 | D:1      | tsbored the Hill Orc Gladiator began the quest for the Orb.
     0 | D:1      | Reached XP level 1. HP: 18/18 MP: 1/1
   190 | D:1      | Reached XP level 2. HP: 25/25 MP: 2/2
   269 | D:1      | Reached skill level 1 in Armour
   540 | D:1      | Reached XP level 3. HP: 27/31 MP: 3/3
  1062 | D:2      | You fall into a shaft and drop 1 floor!
  1103 | D:3      | Reached XP level 4. HP: 38/38 MP: 4/4
  1148 | D:3      | Noticed a sky beast
  1155 | D:3      | Reached skill level 5 in Axes
  1205 | D:3      | Killed a sky beast
  1205 | D:3      | Reached XP level 5. HP: 5/46 MP: 5/5
  1953 | D:2      | Noticed Natasha
  1964 | D:2      | Killed Natasha
  1964 | D:2      | Reached XP level 6. HP: 47/52 MP: 6/6
  2317 | D:3      | Became a worshipper of Beogh the Brigand
  2822 | D:3      | Reached skill level 6 in Axes
  2919 | D:4      | Reached * piety under Beogh
  2953 | D:4      | Reached skill level 1 in Invocations
  3036 | D:4      | Reached XP level 7. HP: 57/60 MP: 7/7
  3074 | D:4      | Reached skill level 5 in Fighting
  3226 | D:4      | Found a blossoming altar of Fedhas.
  3702 | D:4      | Noticed Grinder
  3705 | D:4      | Paralysed by Grinder for 3 turns
  3714 | D:4      | Killed Grinder
  3714 | D:4      | Reached skill level 7 in Axes
  3756 | D:4      | Reached XP level 8. HP: 24/70 MP: 8/10
  4342 | D:5      | Entered Level 5 of the Dungeon
  4360 | D:5      | Reached skill level 5 in Armour
  4650 | D:5      | Reached skill level 8 in Axes
  4685 | D:5      | Reached ** piety under Beogh
  4976 | D:5      | Reached XP level 9. HP: 65/79 MP: 10/12
  5272 | D:6      | Found a staircase to the Ecumenical Temple.
  5293 | Temple   | Entered the Ecumenical Temple
  5496 | D:6      | Found Orphos's Assorted Antiques.
  5802 | D:6      | Reached skill level 9 in Axes
  6045 | D:6      | Found a shadowy altar of Dithmenos.
  6148 | D:6      | Found a sparkling altar of Nemelex Xobeh.
  6349 | D:7      | Found a bloodstained altar of Trog.
  6349 | D:7      | Found a radiant altar of Vehumet.
  6396 | D:7      | Reached *** piety under Beogh
  6496 | D:7      | Reached skill level 5 in Invocations
  6959 | D:8      | Found Hoaraidd's Magic Scroll Shop.
  6964 | D:8      | Noticed Maurice
  6971 | D:8      | Bought a scroll of identify for 20 gold pieces
  6971 | D:8      | Bought a scroll of immolation for 35 gold pieces
  6971 | D:8      | Bought a scroll of silence for 75 gold pieces
  6975 | D:8      | Killed Maurice
  6975 | D:8      | Reached skill level 10 in Axes
  6975 | D:8      | Reached XP level 10. HP: 87/90 MP: 12/14
  7086 | D:8      | Found a radiant altar of Vehumet.
  7181 | D:8      | Noticed Pikel
  7191 | D:8      | Killed Pikel
  7528 | D:8      | Found a snail-covered altar of Cheibriados.
  7704 | D:8      | Reached skill level 5 in Dodging
  7834 | D:9      | Reached skill level 11 in Axes
  7860 | D:9      | Noticed a two-headed ogre
  7867 | D:9      | Killed a two-headed ogre
  7867 | D:9      | Reached **** piety under Beogh
  8117 | D:9      | Reached skill level 10 in Fighting
  8298 | D:9      | Gained Judas as an ally
  8347 | D:9      | Noticed Erica
  8354 | D:9      | Killed Erica
  8354 | D:9      | Reached XP level 11. HP: 95/100 MP: 16/16
  8371 | D:9      | Found a shadowy altar of Dithmenos.
  8444 | D:9      | Noticed a two-headed ogre
  8453 | D:9      | Killed a two-headed ogre
  8524 | D:9      | Found a staircase to the Lair.
  8701 | D:10     | Entered Level 10 of the Dungeon
  8714 | D:10     | Noticed a manticore
  8731 | D:10     | Killed a manticore
  9020 | D:10     | Found a staircase to the Orcish Mines.
  9025 | D:10     | Found a roughly hewn altar of Beogh.
  9132 | D:10     | Reached skill level 12 in Axes
  9366 | D:10     | Reached ***** piety under Beogh
  9454 | D:10     | Noticed Maggie
  9461 | D:10     | Killed Maggie
  9521 | D:10     | Found Olyjer's Antique Armour Boutique.
  9535 | D:11     | Noticed a manticore
  9543 | D:11     | Killed a manticore
  9923 | Lair:1   | Entered Level 1 of the Lair of Beasts
 10152 | Lair:1   | Reached skill level 10 in Armour
 10815 | Lair:2   | Gained Zartorak as an ally
 11210 | Lair:2   | Noticed Prince Ribbit
 11215 | Lair:2   | Killed Prince Ribbit
 11219 | Lair:2   | Found a hole to the Spider Nest.
 11224 | Lair:2   | Reached XP level 12. HP: 101/110 MP: 18/18
 11339 | Lair:2   | Reached skill level 13 in Axes
 11827 | Lair:2   | Gained Olfrun as an ally
 12673 | Lair:3   | Noticed Gastronok
 12684 | Lair:3   | Killed Gastronok
 12835 | Lair:3   | Noticed a five-headed hydra
 12841 | Lair:3   | Killed a six-headed hydra
 12913 | Lair:3   | Found a runed translucent gate.
 12913 | Lair:3   | Found a runed translucent gate.
 12913 | Lair:3   | Found a runed translucent gate.
 12914 | Lair:3   | Noticed a 12-headed hydra
 12914 | Lair:3   | Noticed a nine-headed hydra
 12914 | Lair:3   | Noticed 0gre's ghost (journeyman GnIE)
 12938 | Lair:3   | Killed a 12-headed hydra
 12939 | Lair:3   | Killed a nine-headed hydra
 12948 | Lair:3   | Killed 0gre's ghost
 12953 | Lair:3   | Got a slimy scimitar
 12970 | Lair:3   | Identified the cursed +1 scimitar of the Saving Seeker
                  | {freeze, *Rage +Inv rElec rPois} (You found it on level 3
                  | of the Lair of Beasts)
 13269 | Lair:3   | Found a staircase to the Shoals.
 13364 | Lair:3   | Reached skill level 14 in Axes
 13977 | Lair:4   | Noticed an eight-headed hydra
 13985 | Lair:4   | Killed a ten-headed hydra
 13985 | Lair:4   | Reached XP level 13. HP: 112/119 MP: 18/20
 15474 | Lair:5   | Found a viscous altar of Jiyva.
 15474 | Lair:5   | Found a staircase to the Slime Pits.
 15842 | Lair:5   | Reached skill level 10 in Invocations
 16196 | Lair:6   | Entered Level 6 of the Lair of Beasts
 16431 | Lair:6   | Gained Learuk as an ally
 16462 | Lair:6   | Reached skill level 15 in Axes
 16531 | Lair:6   | Your ally Judas died
 17191 | Lair:6   | Reached ****** piety under Beogh
 17452 | Lair:6   | Found the +6 arbalest "Damnation" {damnation}
 17565 | Lair:6   | Reached XP level 14. HP: 132/132 MP: 14/21
 18889 | D:11     | You fall into a shaft and drop 2 floors!
 19102 | D:13     | Gained Marbaugh as an ally
 20062 | D:11     | Got a warped rapier
 20063 | D:11     | Identified the +9 rapier of the Lurker {antimagic, Stlth+}
                  | (You found it on level 11 of the Dungeon)
 20700 | D:12     | Noticed Fannar
 20712 | D:12     | Killed Fannar
 20850 | D:12     | Reached skill level 16 in Axes
 21770 | D:14     | Gained Gorbash as an ally
 21772 | D:14     | Your ally Zartorak died
 21796 | D:14     | Reached skill level 15 in Fighting
 21813 | D:14     | HP: 5/135 [vault guard/+0 bardiche (17)]
 21817 | D:14     | Gained Bogwald as an ally
 22456 | D:14     | Gained Arbeogh as an ally
 22592 | D:14     | Found a gate to the Vaults.
 22678 | D:14     | Found a shimmering blue altar of Sif Muna.
 22719 | D:15     | Entered Level 15 of the Dungeon
 22895 | D:15     | Reached XP level 15. HP: 129/141 MP: 23/23
 23446 | D:15     | Found a staircase to the Depths.
 23818 | D:15     | Reached skill level 17 in Axes
 24532 | Spider:1 | Entered Level 1 of the Spider Nest
 24575 | Spider:1 | Noticed an emperor scorpion
 24585 | Spider:1 | Killed an emperor scorpion
 24743 | Spider:1 | Noticed an emperor scorpion
 24761 | Spider:1 | Killed an emperor scorpion
 25055 | Spider:1 | Your ally Olfrun died
 25529 | Spider:1 | Killed a ghost moth
 25589 | Spider:1 | Reached XP level 16. HP: 107/151 MP: 10/25
 25903 | Spider:1 | Reached skill level 15 in Armour
 26054 | Spider:2 | You fall into a shaft and drop 1 floor!
 26091 | Spider:2 | Gained Marbork as an ally
 26733 | Spider:2 | Reached skill level 18 in Axes
 27450 | Spider:3 | Gained Wulfoc as an ally
 27453 | Spider:3 | Slain by Bogwald the orc warlord

Illustrated notes

Levels and vault maps discovered:
D:1:      mrwooster_arrival_statue_2, layout_loops_cross
D:2:      wad_river_or_something, layout_loops_ring, first_ration, uniq_natasha
D:3:      layout_loops_cross
D:4:      kennysheep_spiral_hall, layout_loops_ring, roderic_batcave,
          fedhas_bush_and_centaur_altar, uniq_grinder
D:5:      layout_basic, ebering_dispersal_statue_hall
D:6:      layout_cave_pools, marbit_many_paths, minmay_temple_entry_waves,
          serial_shops, shop, grunt_dithmenos_shadows
D:7:      minmay_inner_zag, layout_rooms, gammafunk_temple_overflow_elements
D:8:      layout_rooms, cheibriados_altar_1, serial_shops,
          nicolae_shop_statue_plus, basic_altar, grunt_livestock, uniq_pikel,
          uniq_maurice
D:9:      layout_loops_corners, dpeg_oklobed_lair, basic_altar, uniq_erica
D:10:     layout_gridville, minmay_orc_entry_temple_small, serial_shops, shop,
          uniq_maggie
D:11:     layout_loops_ring, minmay_misc_feat_x
D:12:     layout_stronghold, uniq_fannar
D:13:     layout_cave_pools, hangedman_abyss_or_decor_stabs, minivault_1,
          grunt_ministairs_6, lemuel_old_faithful
D:14:     layout_rooms, erik_vaults_2, lemuel_blue_sif_altar
D:15:     gammafunk_depths_entry_grave, layout_irregular_city,
          gauntlet_entry_generic
Temple:   regret_index_temple_mists
Lair:1:   layout_small_grid
Lair:2:   layout_cave_pods, spider_nest_entry_webs, special_room
          [special_room_bee], kennysheep_abandoned_house, uniq_prince_ribbit2
Lair:3:   layout_chaotic_city, minmay_shoals_entry_beasts,
          gammafunk_ghost_hydra_chop, minmay_lair_oklob_chamber,
          infiniplex_staircase_pool, uniq_gastronok
Lair:4:   layout_layer_cave
Lair:5:   layout_concentric_octagons, slime_altar_1, beast_lair_carwin_2
Lair:6:   minmay_lair_end_enchanted_forest, layout_misc_corridors
Spider:1: layout_spider_delve, nicolae_spider_ant_collections
Spider:2: layout_spider_delve
Spider:3: layout_spider_delve, nicolae_spider_cling_ruins

Skill      XL: |  1  2  3  4  5  6  7  8  9 10 11 12 13 14 15 16 |
---------------+-------------------------------------------------+-----
Armour         | 1 2 3 4 6 7 9 10 11 12 13 14 15 | 15.3
Fighting       | 3 4 6 7 8 10 11 12 14 15 16 | 16.7
Axes           | 5 6 7 8 10 11 12 14 15 16 17 18 | 18.1
Dodging        | 3 4 5 6 7 8 9 |  9.1
Invocations    | 1 2 4 5 7 8 9 10 11 12 | 12.8
Throwing       | |  1.7

Action                   |  1- 3 |  4- 6 |  7- 9 | 10-12 | 13-15 | 16-18 || total
-------------------------+-------+-------+-------+-------+-------+-------++-------
Melee: War axe           |   107 |   261 |   205 |       |       |       ||   573
       Battleaxe         |       |       |   143 |   484 |   601 |   117 ||  1345
       Scimitar          |       |       |       |    24 |   187 |       ||   211
       Great sword       |       |       |       |       |    91 |       ||    91
       Spear             |       |       |       |       |       |     7 ||     7
Invok: Convert to Beogh  |       |     1 |       |       |       |       ||     1
       Recall Orcish Fol |       |       |       |     4 |     4 |     1 ||     9
       Smiting           |       |       |       |     7 |    17 |     5 ||    29
       Give Item to Name |       |       |       |       |     3 |       ||     3
  Use: Scroll            |       |       |     8 |     6 |    16 |       ||    30
       Potion            |       |       |       |       |     1 |     1 ||     2
 Stab: Distracted        |       |       |       |     4 |    13 |     1 ||    18
       Held in net/web   |       |       |       |     1 |       |       ||     1
       Paralysed         |       |       |       |     1 |       |       ||     1
  Eat: Chunk             |     1 |     7 |    13 |    19 |    29 |     2 ||    71
       Ration            |       |       |       |     3 |     4 |     1 ||     8
Armor: Leather armour    |     6 |       |       |       |       |       ||     6
       Plate armour      |    89 |   238 |    96 |   398 |   746 |   129 ||  1696
       Ring mail         |       |       |    54 |       |       |       ||    54
Dodge: Dodged            |    42 |    80 |   131 |   325 |   630 |    86 ||  1294
Block: Other             |    18 |    65 |    62 |   164 |   249 |    48 ||   606
       Reflection        |       |       |     4 |     2 |    10 |       ||    16
       Rpst.: Scimitar   |       |       |       |     4 |    34 |       ||    38
       Great sword       |       |       |       |       |    24 |       ||    24
